 Dungeon Crawl Stone Soup version 0.29-a0-6-ga859fcf985 (webtiles) character file.

Game seed: 555251985433231096

281434 mfcas the Spry (level 21, -28/152 HPs)
             Began as a Djinni Conjurer on Jan 27, 2022.
             Was the Champion of Makhleb.
             Blown up by Wentoo the Head Instructor (46 damage)
             ... with a bolt of energy
             ... in a wizard's laboratory.
             The game lasted 01:50:49 (36051 turns).

mfcas the Spry (Djinni Conjurer)                   Turns: 36051, Time: 01:50:50

Health: -28/152    AC: 13    Str: 13    XL:     21   Next: 37%
Gold:   2905       EV: 21    Int: 34    God:    Makhleb [******] SH: 18 Dex: 17

rFire   + + .      SeeInvis +   v - +10 dagger "Kaumav" {drain, *Noise rElec rN+ rCorr}
rCold   . . .      Faith    .   W - +0 kite shield
rNeg    + . .      Spirit   .   Q - +3 leather armour of Instinct {Str+5}
rPois   ∞          Reflect  +   s - +0 helmet {SInv}
rElec   +          Harm     .   S - scarf {repulsion}
rCorr   +          Rampage  .   O - +2 pair of gloves {Dex+3}
Will    ++++.                   (boots unavailable)
Stlth   ++........              e - amulet "Sumio" {Reflect Will+ SH+5}
HPRegen 0.35/turn               X - ring "Osezua" {rC+ Str+2}
MPRegen 0.00/turn               E - ring of Immorality {Will+ Int+5}

@: flying, repel missiles
A: sickness immunity, fire resistance 2, cold vulnerability 1, float, innate
caster, hp casting, extra vitality 1
}: 2/15 runes: decaying, gossamer
a: Renounce Religion, Minor Destruction, Lesser Servant of Makhleb, Major
Destruction, Greater Servant of Makhleb


You were in a wizard's laboratory.
You worshipped Makhleb.
Makhleb was exalted by your worship.
You visited 7 branches of the dungeon, and saw 35 of its levels.
You also visited: Ossuary, Gauntlet, Ice Cave and Wizlab.

You collected 4025 gold pieces.
You spent 1120 gold pieces at shops.

Inventory:

Hand Weapons
 v - the +10 dagger "Kaumav" (weapon) {drain, *Noise rElec rN+ rCorr}
   (You found it on level 4 of the Dungeon)

   A truly terrible weapon, it drains the life of any living foe it strikes.
   rElec:     It insulates you from electricity.
   rN:        It protects you from negative energy.
   *Noise:    It may make noises in combat.
   rCorr:     It protects you from acid and corrosion.
Armour
 s - a +0 helmet of see invisible (worn)
 O - a +2 pair of gloves of dexterity (worn)
 Q - the +3 leather armour of Instinct (worn) {Str+5}
   (You found it on level 3 of the Lair of Beasts)

   Str:       It affects your strength (+5).
 S - a scarf of repulsion (worn)
 W - a +0 kite shield (worn)
Jewellery
 e - the amulet "Sumio" (around neck) {Reflect Will+ SH+5}
   (You found it in a Gauntlet)

   [amulet of reflection]

   It reflects blocked missile attacks.
   SH:        It affects your SH (+5).
   Will:      It increases your willpower.
 E - the ring of Immorality (right hand) {Will+ Int+5}
   (You found it on level 3 of the Spider Nest)

   [ring of willpower]

   Int:       It affects your intelligence (+5).
   Will:      It increases your willpower.
 U - a +6 ring of intelligence
 X - the ring "Osezua" (left hand) {rC+ Str+2}
   (You found it in an ice cave)

   [ring of protection from cold]

   Str:       It affects your strength (+2).
   rC:        It protects you from cold.
Wands
 w - a wand of iceblast (5)
 B - a wand of digging (11)
 D - a wand of acid (18)
Scrolls
 b - 15 scrolls of teleportation
 c - 5 scrolls of magic mapping
 f - 7 scrolls of fear
 i - 3 scrolls of amnesia {unknown}
 k - 4 scrolls of noise {unknown}
 l - 4 scrolls of immolation {unknown}
 u - 5 scrolls of enchant armour {unknown}
 y - 3 scrolls of holy word {unknown}
 C - 3 scrolls of blinking {unknown}
 H - a scroll of torment {unknown}
 Y - 2 scrolls of summoning {unknown}
Potions
 d - 9 potions of resistance
 g - 5 potions of cancellation
 m - 6 potions of brilliance
 o - 8 potions of haste
 p - 6 potions of heal wounds
 r - 7 potions of might
 x - 12 potions of curing
 A - 5 potions of mutation
 R - 3 potions of invisibility
 T - 7 potions of ambrosia
Miscellaneous
 L - a phantom mirror
 M - a phantom mirror


   Skills:
 + Level 14.2 Fighting
 + Level 14.2 Armour
 + Level 18.0 Dodging
 - Level 1.5 Stealth
 + Level 13.1 Shields
 * Level 16.6 Spellcasting
 - Level 14.0 Invocations


You couldn't memorise any spells.
You knew the following spells:

 Your Spells              Type           Power      Damage    Failure   Level
a - Magic Dart            Conj           100%       1d8       0%          1
b - Searing Ray           Conj           100%       2d8       0%          2
c - Dazzling Flash        Conj/Hex       100%       N/A       0%          3
d - Fulminant Prism       Conj/Hex       48%        3d21      1%          4
e - Iskenderun's Mystic   Conj/Tloc      96%        2d19      1%          4
f - Apportation           Tloc           100%       N/A       0%          1
g - Call Imp              Summ           96%        N/A       0%          2
h - Passwall              Tmut/Erth      80%        N/A       0%          2
i - Summon Lightning Spi  Summ/Air       96%        N/A       1%          4
j - Petrify               Tmut/Erth      96%        N/A       1%          4
k - Fireball              Conj/Fire      48%        3d19      1%          5
l - Statue Form           Tmut/Erth      64%        N/A       1%          6
m - Dispersal             Tloc           48%        N/A       1%          6
n - Dragon Form           Tmut           48%        N/A       2%          7
o - Discord               Hex            48%        N/A       22%         8
Your spell library was empty.

Dungeon Overview and Level Annotations

Branches:
Dungeon (15/15)            Temple (1/1) D:4            Lair (6/6) D:8
  Swamp (4/4) Lair:3       Spider (4/4) Lair:4        Slime (0/5) Lair:5
    Orc (2/2) D:9             Elf (0/3) Orc:2        Vaults (4/5) D:13
 Depths (0/4) D:15        Ossuary (visited)           IceCv (visited)
 WizLab (1/1)             Gauntlet (visited)
  Crypt: Vaults:2-3

Altars:
Ashenzari
Cheibriados
Dithmenos
Elyvilon
Fedhas
Gozag
Hepliaklqana
Kikubaaqudgha
Makhleb
Nemelex Xobeh
Okawaru
Qazlal
Ru
Sif Muna
Trog
Uskayaw
Vehumet
Wu Jian
Xom
Yredelemnul
Zin
The Shining One
Beogh
Jiyva

Shops:
D:2 (   D:10 *   D:11 **   Orc:1 =   Orc:2 :([*=[?

Portals:
Hell: Lair:6

Annotations:
Lair:6 exclusion: oklob plant
Swamp:2 2 transporters
Vaults:2 1 runed translucent door, Plog's ghost, adept FeBe


Innate Abilities, Weirdness & Mutations

You are immune to sickness and miasma.
You are immune to poison.
Your flesh is very heat resistant. (rF++)
You are vulnerable to cold. (rC-)
You float through the air rather than walking.
You learn spells naturally, not from books.
Your magical power is your life essence.
You have superior vitality. (+4 MHP)


Message History

The vampire knight is almost destroyed.
The vampire knight is knocked back by the mystic blast.
The vampire knight slams into the rock wall!
You destroy the vampire knight!
Makhleb accepts your kill.
You feel better.
Unknown command.
A demon appears!
Wentoo gestures wildly while chanting.
Send 'em back where they came from!
Your cacodemon shudders.
What are your orders? t - Shout!
Orders for allies: a - Attack new target. r - Retreat! s - Stop attacking. g - Guard the area. f - Follow me.
Anything else - Cancel.
Gang up on whom?
Press: ? - help, Dir - move target, f - Wentoo
Aim: Wentoo the Head Instructor, wielding two +1 antimagic triple swords and wearing a +0 plate armour of willpower (ally target) Attack!
Your cacodemon hits Wentoo!
Your cacodemon hits Wentoo but does no damage.
Your cacodemon hits Wentoo but does no damage.
Your cacodemon hits Wentoo.
Things that are here:
a +2 antimagic demon whip; a +0 plate armour A demon appears!
Wentoo casts a spell at you. The bolt of energy hits you!!
* * * LOW HITPOINT WARNING * * *
Wentoo gestures at you while chanting. The bolt of energy hits you!!
* * * LOW HITPOINT WARNING * * *
Your cacodemon hits Wentoo but does no damage.
Your cacodemon closely misses Wentoo.
Wentoo gestures at you while chanting.
The bolt of energy misses your blizzard demon.
The bolt of energy hits you!!!
You die...

....P≈≈P....♣..♣..♣...♣..♣
..#......#..#..♣..#...#..♣
#...#..#...##.....#...#..♣
#........##.....##......♣
#.......#.....##...#...♣
..##♣..♣##.....##....##..♣
.........).....#....##...♣
.........).2@).....##....♣
...##''##.....2@####....♣♣
#... ###............♣♣
..... ##........♣♣♣♣
#...... #######♣♣♣ '......
#..##.. #.. ...


You could see Wentoo the Head Instructor (ally target), a friendly cacodemon
(summoned) and a friendly blizzard demon (summoned).

Vanquished Creatures
  the Lernaean hydra (Swamp:4)
  Jorgrun (Spider:2)
  Rupert (D:15)
  A tentacled monstrosity (Swamp:1)
  The ghost of nogo the Severer, an adept GrGl of Okawaru (Spider:4)
  A quicksilver dragon (WizLab)
  2 sphinxes
  Donald (Orc:2)
  A fenstrider witch (Swamp:4)
  2 azure jellies (IceCv)
  The ghost of Afolao Buwex the Severer, a journeyman DDFi of Makhleb (D:13)
  A rockslime (IceCv)
  2 vault wardens (Vaults:1)
  8 emperor scorpions
  3 orc warlords
  Louise (D:15)
  The ghost of Gilette the Thaumaturge, a journeyman GnEE of Ashenzari (D:15)
  6 ghost moths
  2 ghouls (Swamp:4)
  5 quicksilver oozes (IceCv)
  5 ironbound preservers
  3 broodmothers
  A very ugly thing (D:15)
  3 ironbound thunderhulks (Vaults:1)
  4 eleionomae
  4 vampire knights (WizLab)
  Nessos (D:15)
  5 entropy weavers
  A minotaur (Gauntlet)
  A spark wasp (Spider:2)
  2 dire elephants (Spider:3)
  4 bunyips
  2 eidola (D:14)
  Snorg (Lair:5)
  A rakshasa (D:15)
  2 ice dragons
  26 hydras
  3 vault guards (D:13)
  The ghost of Woirupt the Thaumaturge, a journeyman DjFE of Gozag (D:14)
  Harold (Orc:1)
  A ghost crab (Swamp:1)
  3 ironbound frosthearts
  2 jorogumos
  A catoblepas (Gauntlet)
  4 boulder beetles
  2 ogre magi
  14 centaur warriors
  A radroach (Spider:4)
  A death scarab (Spider:3)
  3 death knights
  8 two-headed ogres
  20 death yaks
  11 alligators
  An orc high priest (Orc:2)
  18 spriggans
  3 hell knights (WizLab)
  A deep elf knight (Spider:3)
  A sixfirhy (Lair:6)
  3 pharaoh ants
  A shadow wraith (D:15)
  A skeletal warrior (D:15)
  2 spriggan druids
  A flayed ghost (D:14)
  12 steelbarb worms
  2 sun moths
  3 glowing orange brains
  A tengu zombie (D:15)
  2 goliath frogs
  17 deep trolls
  3 lindwurms (Vaults:1)
  An orange crystal statue (IceCv)
  11 orb spiders
  9 wizards
  3 bog bodies
  9 ironbound convokers
  13 swamp dragons
  A deep elf archer (Spider:3)
  2 deep elf pyromancers
  A necromancer (WizLab)
  7 orc knights
  2 orc sorcerers (Orc:2)
  A wolf spider (shapeshifter) (D:15)
  3 mana vipers (WizLab)
  16 wolf spiders
  26 ugly things
  2 frost giant zombies (D:15)
  2 will-o-the-wisps
  2 cyclopes
  9 elephants
  3 moths of wrath
  A smoke demon (Lair:6)
  2 naga magi (WizLab)
  An ice statue (Swamp:3)
  3 black mambas
  2 orange demons (Lair:6)
  5 gargoyles
  4 vault sentinels
  13 cane toads
  13 komodo dragons
  7 rime drakes
  2 unseen horrors (D:12)
  6 demonic crawlers
  5 torpor snails
  2 kobold demonologists (D:7)
  3 freezing wraiths (D:15)
  3 tengu conjurers
  An efreet (D:13)
  7 yaktaurs
  2 ice devils (Lair:6)
  2 very ugly thing simulacra (IceCv)
  4 entropy weaver simulacra (IceCv)
  2 red devils (Lair:6)
  4 trolls
  A polar bear (Lair:6)
  10 meliai
  24 tarantellas
  17 hornets
  3 bloated husks
  A dream sheep (shapeshifter) (D:15)
  11 tyrant leeches
  A raiju (Spider:3)
  45 slime creatures
  18 blink frogs
  A vampire (D:12)
  15 culicivoras
  34 jumping spiders
  A shadow (D:10)
  19 humans (D:13)
  49 yaks
  4 wraiths
  5 wyverns
  A basilisk (Lair:6)
  53 redbacks
  2 steam dragons
  9 vampire mosquitoes
  A warg (Orc:1)
  19 swamp worms
  2 demonic crawler simulacra (IceCv)
  2 acid dragons (D:10)
  4 hell hounds (Lair:6)
  15 water moccasins
  6 black bears
  25 orc warriors
  7 swamp drakes (Swamp:4)
  A sky beast (D:7)
  3 wolves (Lair:5)
  6 ogres
  2 ugly thing simulacra (IceCv)
  An ice beast (D:5)
  A necrophage (Swamp:4)
  3 boggarts (D:15)
  16 centaurs
  14 bullfrogs
  3 elf zombies (Ossuary)
  8 kobold brigands
  Blork the orc (D:6)
  8 scorpions
  A gnoll sergeant (D:11)
  2 water moccasin skeletons
  13 killer bees
  11 wights
  A howler monkey (D:6)
  3 electric eels (Lair:1)
  5 lava snakes (Lair:1)
  5 centaur zombies
  3 human zombies (Ossuary)
  7 hounds
  17 orc priests
  A gnoll shaman (D:9)
  2 jellies (D:6)
  2 bullfrog skeletons
  3 iguanas
  26 orc wizards
  7 hell rats (Lair:6)
  A killer bee zombie (D:8)
  3 mummies
  A howler monkey zombie (D:8)
  A howler monkey skeleton (D:5)
  11 gnolls
  6 adders
  A white imp (D:8)
  3 dart slugs
  73 orcs
  6 bats
  8 endoplasms
  11 giant cockroaches
  8 goblins
  5 hobgoblins
  4 jackals (D:1)
  41 kobolds
  3 quokkas
  4 ball pythons
  4 frilled lizards
  10 hobgoblin zombies
  A jackal zombie (Ossuary)
  7 kobold zombies
  12 orc zombies
  2 rats (D:3)
  2 rat zombies (Ossuary)
  A fulminant prism (Spider:4)
1283 creatures vanquished.

Vanquished Creatures (collateral kills)
  A boulder beetle (D:12)
  A sun moth (Spider:1)
  An orange crystal statue (IceCv)
  A wolf spider (Spider:1)
  A jumping spider (Spider:1)
  A culicivora (Spider:1)
  2 yaks (D:8)
  A redback (Spider:1)
  A steam dragon (D:8)
  An orc wizard (D:12)
11 creatures vanquished.

Vanquished Creatures (others)
  A hornet (Swamp:2)
  17 demonic plants (Gauntlet)
  18 foxfires
  342 fulminant prisms
  83 fungi
  102 plants
563 creatures vanquished.

Grand Total: 1857 creatures vanquished

Notes
Turn   | Place    | Note
-------+----------+-------------------------------------------
     0 | D:1      | mfcas the Djinni Conjurer began the quest for the Orb.
     0 | D:1      | Reached XP level 1. HP: 15/15 MP: 0/0
    85 | D:1      | Reached XP level 2. HP: 14/21 MP: 0/0
   613 | D:1      | Reached XP level 3. HP: 24/25 MP: 0/0
   613 | D:1      | Learned a level 1 spell: Apportation
  1530 | D:2      | Found Mousch's Weapon Emporium.
  1645 | D:2      | Reached XP level 4. HP: 25/31 MP: 0/0
  1797 | D:2      | Found a blossoming altar of Fedhas.
  1862 | D:2      | You are sucked into a shaft and drop 1 floor!
  1906 | D:3      | Reached XP level 5. HP: 33/35 MP: 0/0
  1906 | D:3      | Learned a level 2 spell: Call Imp
  2055 | D:3      | Noticed an ogre
  2059 | D:3      | Killed an ogre
  2060 | D:3      | Reached skill level 5 in Spellcasting
  2060 | D:3      | Reached XP level 6. HP: 39/40 MP: 0/0
  2176 | D:3      | Found a hazy altar of Hepliaklqana.
  2204 | D:3      | Found a snail-covered altar of Cheibriados.
  2852 | D:4      | Found a staircase to the Ecumenical Temple.
  2865 | Temple   | Entered the Ecumenical Temple
  2966 | Temple   | Became a worshipper of Makhleb the Destroyer
  3039 | D:4      | Found a white marble altar of Elyvilon.
  3080 | D:4      | Reached XP level 7. HP: 14/45 MP: 0/0
  3080 | D:4      | Learned a level 2 spell: Passwall
  3223 | D:4      | Found a sand-covered staircase.
  3245 | Ossuary  | Entered an ossuary
  3402 | Ossuary  | Reached * piety under Makhleb
  3475 | Ossuary  | Reached skill level 1 in Fighting
  3475 | Ossuary  | Reached skill level 1 in Armour
  3475 | Ossuary  | Reached skill level 1 in Invocations
  3497 | Ossuary  | Reached skill level 3 in Dodging
  3497 | Ossuary  | Reached XP level 8. HP: 33/52 MP: 0/0
  3635 | D:4      | Identified the +10 dagger "Kaumav" {drain, *Noise rElec rN+
                  | rCorr}
  3781 | D:4      | Reached ** piety under Makhleb
  4146 | D:5      | Entered Level 5 of the Dungeon
  4236 | D:5      | Identified the +5 dagger of the Common Good {freeze, +Blink
                  | rCorr Str-5 SInv}
  4472 | D:5      | Reached skill level 4 in Dodging
  4861 | D:5      | Reached XP level 9. HP: 51/60 MP: 0/0
  4861 | D:5      | Learned a level 4 spell: Summon Lightning Spire
  5066 | D:6      | Noticed Blork the orc
  5073 | D:6      | Killed Blork the orc
  5175 | D:6      | Reached *** piety under Makhleb
  5246 | D:6      | Reached skill level 5 in Dodging
  5684 | D:7      | Reached XP level 10. HP: 61/68 MP: 0/0
  5776 | D:7      | Noticed a kobold demonologist
  5783 | D:7      | Noticed a kobold demonologist
  5785 | D:7      | Noticed an ice devil
  5786 | D:7      | Killed a kobold demonologist
  5791 | D:7      | Killed a kobold demonologist
  5792 | D:7      | Reached skill level 5 in Armour
  6002 | D:7      | Found a blossoming altar of Fedhas.
  6056 | D:7      | Found an opulent altar of Gozag.
  6114 | D:7      | Reached skill level 5 in Fighting
  6114 | D:7      | Reached skill level 6 in Dodging
  6114 | D:7      | Reached skill level 5 in Invocations
  6119 | D:7      | Found a sacrificial altar of Ru.
  6466 | D:8      | Reached **** piety under Makhleb
  6538 | D:8      | Found a staircase to the Lair.
  6968 | D:8      | Reached XP level 11. HP: 71/76 MP: 0/0
  6968 | D:8      | Learned a level 4 spell: Petrify
  7017 | D:8      | Reached skill level 7 in Dodging
  7353 | Lair:1   | Entered Level 1 of the Lair of Beasts
  7353 | Lair:1   | Noticed an eight-headed hydra
  7354 | Lair:1   | Noticed an eight-headed hydra
  7366 | Lair:1   | Killed an eight-headed hydra
  7372 | Lair:1   | Killed an eight-headed hydra
  7446 | Lair:1   | Identified the +0 ring mail of Syte {rElec rC- rCorr Str+4
                  | Slay+3}
  7663 | Lair:1   | Noticed a six-headed hydra
  7675 | Lair:1   | Killed a six-headed hydra
  7979 | Lair:1   | Reached ***** piety under Makhleb
  7980 | Lair:1   | Reached XP level 12. HP: 73/84 MP: 0/0
  8196 | Lair:2   | Reached skill level 8 in Dodging
  8337 | Lair:2   | Reached skill level 10 in Spellcasting
  8487 | Lair:2   | Noticed an ice dragon
  8595 | Lair:2   | Killed an ice dragon
  9200 | Lair:3   | Found a staircase to the Swamp.
  9204 | Lair:3   | Noticed a six-headed hydra
  9213 | Lair:3   | Killed a six-headed hydra
  9305 | Lair:3   | Noticed a death yak
  9308 | Lair:3   | Noticed a death yak
  9309 | Lair:3   | Noticed a death yak
  9309 | Lair:3   | Noticed a death yak
  9324 | Lair:3   | Killed a death yak
  9325 | Lair:3   | Killed a death yak
  9329 | Lair:3   | Killed a death yak
  9339 | Lair:3   | Killed a death yak
  9817 | Lair:3   | Reached skill level 9 in Dodging
  9822 | Lair:3   | Reached XP level 13. HP: 79/92 MP: 0/0
  9822 | Lair:3   | Learned a level 5 spell: Fireball
 10052 | Lair:3   | Identified the +3 leather armour of Instinct {Str+5}
 10236 | Lair:4   | Found a hole to the Spider Nest.
 10269 | Lair:4   | Noticed a six-headed hydra
 10280 | Lair:4   | Killed a six-headed hydra
 10518 | Lair:4   | Noticed an eight-headed hydra
 10527 | Lair:4   | Killed an eight-headed hydra
 10962 | Lair:5   | Noticed a six-headed hydra
 10968 | Lair:5   | Killed a six-headed hydra
 11004 | Lair:5   | Reached skill level 10 in Dodging
 11084 | Lair:5   | Noticed Snorg
 11092 | Lair:5   | Killed Snorg
 11356 | Lair:5   | Noticed an eight-headed hydra
 11366 | Lair:5   | Killed an eight-headed hydra
 11367 | Lair:5   | Reached XP level 14. HP: 85/101 MP: 0/0
 11554 | Lair:5   | Found a viscous altar of Jiyva.
 11557 | Lair:5   | Found a staircase to the Slime Pits.
 11964 | Lair:6   | Entered Level 6 of the Lair of Beasts
 12068 | Lair:6   | Reached ****** piety under Makhleb
 12177 | Lair:6   | Reached skill level 11 in Dodging
 12401 | Lair:6   | Reached skill level 10 in Armour
 12529 | Lair:6   | Reached skill level 10 in Fighting
 12594 | Lair:6   | Reached skill level 10 in Invocations
 12755 | Lair:6   | Found a burning altar of Makhleb.
 12767 | Lair:6   | Found a gateway to Hell.
 13287 | D:9      | Found a staircase to the Orcish Mines.
 13325 | D:9      | Reached XP level 15. HP: 103/107 MP: 0/0
 13325 | D:9      | Learned a level 6 spell: Statue Form
 13937 | Orc:1    | Entered Level 1 of the Orcish Mines
 13942 | Orc:1    | Found Kateir's Jewellery Emporium.
 13994 | Orc:2    | Entered Level 2 of the Orcish Mines
 14001 | Orc:2    | Found Zimecir's Book Emporium.
 14046 | Orc:1    | Noticed Harold
 14056 | Orc:1    | Killed Harold
 14276 | Orc:2    | Noticed Donald
 14284 | Orc:2    | Killed Donald
 14344 | Orc:2    | Noticed an orc warlord
 14354 | Orc:2    | Killed an orc warlord
 14443 | Orc:2    | Found Jimytoett's Antique Armour Shoppe.
 14454 | Orc:2    | Found Nef Hor's Jewellery Shoppe.
 14476 | Orc:2    | Found Bitah's Antique Weapon Shoppe.
 14746 | Orc:2    | Found a staircase to the Elven Halls.
 14776 | Orc:2    | Found Fipaic's Magic Scroll Shoppe.
 14805 | Orc:2    | Found Minar's Antique Armour Emporium.
 14864 | Orc:2    | Found Berph's General Store.
 15204 | Orc:2    | Bought a manual of Dodging for 1120 gold pieces
 15251 | D:10     | Entered Level 10 of the Dungeon
 15446 | D:10     | Reached skill level 1 in Shields
 15798 | D:10     | Found a stormy altar of Qazlal.
 15798 | D:10     | Found a sparkling altar of Nemelex Xobeh.
 15798 | D:10     | Found an ornate altar of the Wu Jian Council.
 15821 | D:10     | Found Tihuy's Changing Room.
 16537 | D:11     | Reached skill level 12 in Dodging
 16979 | D:11     | Found Myhargh's Specific Store.
 16982 | D:11     | Found Meidghei's General Store.
 17903 | D:13     | Found a gate to the Vaults.
 17910 | D:13     | Reached XP level 16. HP: 115/115 MP: 0/0
 17938 | D:13     | Identified the +0 leather armour "Vunguogu" {Regen+}
 17966 | D:13     | Found a runed translucent door.
 17967 | D:13     | Noticed Afolao Buwex's ghost (journeyman DDFi)
 17979 | D:13     | Found a gate leading to a gauntlet.
 17992 | Gauntlet | Entered a Gauntlet
 17992 | Gauntlet | Found a transporter.
 17992 | Gauntlet | Found a transporter.
 17992 | Gauntlet | Found a transporter.
 17993 | Gauntlet | Found a transporter.
 17996 | Gauntlet | Found a transporter.
 17996 | Gauntlet | Found a transporter.
 18013 | Gauntlet | Found a transporter.
 18017 | Gauntlet | Found a transporter.
 18032 | Gauntlet | Found a transporter.
 18033 | Gauntlet | Found a transporter.
 18051 | Gauntlet | Found a transporter.
 18055 | Gauntlet | Found a transporter.
 18296 | Gauntlet | Identified the amulet "Sumio" {Reflect Will+ SH+5}
 18298 | Gauntlet | Identified the +9 hunting sling of Inflation {flame, rElec
                  | rF+ Int-3}
 18327 | Gauntlet | Reached skill level 5 in Shields
 18379 | Gauntlet | Identified the +8 great sword of Destiny {drain, *Rage
                  | Will+ Str+4}
 18855 | D:13     | Killed Afolao Buwex's ghost
 18856 | D:13     | Reached skill level 13 in Dodging
 19376 | D:14     | Found a runed translucent gate.
 19376 | D:14     | Found a runed translucent gate.
 19376 | D:14     | Found a runed translucent gate.
 19380 | D:14     | Noticed Woirupt's ghost (journeyman DjFE)
 19394 | D:14     | Killed Woirupt's ghost
 19404 | D:14     | Identified the +7 dagger of Terra Cotta {vorpal, Int+2}
 19860 | D:15     | Entered Level 15 of the Dungeon
 20218 | D:15     | Found a transporter.
 20220 | D:15     | Noticed Gilette's ghost (journeyman GnEE)
 20291 | D:15     | Noticed Rupert
 20293 | D:15     | Paralysed by Rupert for 6 turns
 20303 | D:15     | Killed Rupert
 20441 | D:15     | Reached XP level 17. HP: 116/121 MP: 0/0
 20441 | D:15     | Learned a level 6 spell: Dispersal
 20612 | D:15     | Noticed Nessos
 20614 | D:15     | Killed Nessos
 20931 | D:15     | Found a staircase to the Depths.
 21034 | D:15     | Noticed Louise
 21049 | D:15     | Killed Louise
 21409 | D:15     | Reached skill level 14 in Dodging
 21694 | D:15     | Found a transporter.
 21720 | D:15     | Killed Gilette's ghost
 22001 | Spider:1 | Entered Level 1 of the Spider Nest
 23111 | Spider:1 | Identified the +1 robe "Siju" {-Tele rN++ Slay-6 Archmagi}
 23294 | Spider:2 | Noticed Jorgrun
 23302 | Spider:2 | Killed Jorgrun
 23752 | Spider:2 | Reached XP level 18. HP: 130/130 MP: 0/0
 24422 | Spider:2 | Reached skill level 15 in Dodging
 24751 | Spider:3 | Identified the ring of Immorality {Will+ Int+5}
 25940 | Spider:4 | Entered Level 4 of the Spider Nest
 26236 | Spider:4 | Reached skill level 10 in Shields
 26548 | Spider:4 | Reached skill level 15 in Spellcasting
 27037 | Spider:4 | Reached XP level 19. HP: 116/137 MP: 0/0
 27037 | Spider:4 | Learned a level 7 spell: Dragon Form
 27042 | Spider:4 | Reached skill level 16 in Dodging
 27055 | Spider:4 | Found the +3 pair of seven-league boots {Rampage+∞}
 27094 | Spider:4 | Got a gossamer rune of Zot
 27256 | Spider:4 | Noticed nogo's ghost (adept GrGl)
 27260 | Spider:4 | Found a runed translucent door.
 27424 | Spider:4 | HP: 1/137 [blizzard demon/the air[the player character]
                  | (14)]
 27852 | Spider:4 | Killed nogo's ghost
 28493 | Swamp:1  | Entered Level 1 of the Swamp
 28499 | Swamp:1  | Noticed a tentacled monstrosity
 28509 | Swamp:1  | Killed a tentacled monstrosity
 29234 | Swamp:2  | Found a transporter.
 29377 | Swamp:2  | Found a transporter.
 29737 | Swamp:3  | Found a frozen archway.
 29757 | IceCv    | Entered an ice cave
 30898 | IceCv    | Found a viscous altar of Jiyva.
 30915 | IceCv    | Got the ring "Osezua" {rC+ Str+2}
 31510 | Swamp:3  | Reached XP level 20. HP: 143/144 MP: 0/0
 31998 | Swamp:4  | Entered Level 4 of the Swamp
 32060 | Swamp:4  | Reached skill level 17 in Dodging
 32250 | Swamp:4  | Noticed the 27-headed Lernaean hydra
 32261 | Swamp:4  | Killed the 27-headed Lernaean hydra
 32410 | Swamp:4  | Got a decaying rune of Zot
 33254 | Vaults:1 | Entered Level 1 of the Vaults
 34938 | Vaults:1 | Identified a scroll of acquirement
 34939 | Vaults:1 | Acquired the +2 hood of the Assassin {Detection Stab+
                  | Stlth++}
 34939 | Vaults:1 | Found the +2 hood of the Assassin {Detection Stab+ Stlth++}
 35013 | Vaults:2 | Reached XP level 21. HP: 112/151 MP: 0/0
 35013 | Vaults:2 | Learned a level 8 spell: Discord
 35509 | Vaults:2 | Found a runed translucent door.
 35509 | Vaults:2 | Noticed Plog's ghost (adept FeBe)
 35702 | Vaults:2 | You are sucked into a shaft and drop 2 floors!
 35783 | Vaults:4 | Found a magical portal.
 35793 | WizLab   | Entered Yara's Duelist Academy
 36023 | WizLab   | Noticed Wentoo
 36042 | WizLab   | Reached skill level 18 in Dodging
 36051 | WizLab   | Blown up by Wentoo the Head Instructor

Illustrated notes

Levels and vault maps discovered:
D:1:      dpeg_arrival_short_road, layout_rooms, serial_aquarium,
          aquarium_bridge_straight [aquarium_subvault_bridge,
          aquarium_subvault_window, aquarium_subvault_bridge,
          aquarium_subvault_window], aquarium_window_1,
          aquarium_window_corridor_3, aquarium_window_corner, aquarium_window_1,
          aquarium_view_2c, aquarium_view_2e, aquarium_pool_1,
          chequers_serial_rivers_micro_d
D:2:      layout_basic, serial_shops, nicolae_shop_bloodbath_and_beyond,
          hellmonk_ecumenical_altar_heavens_door, basic_altar
D:3:      minmay_roachtagon, layout_basic, nicolae_hepliaklqana_hazy_memory,
          kennysheep_slug_shrine
D:4:      layout_loops_ring, mainiacjoe_overflow_concentric_impassable,
          minmay_temple_entry_wispy, nicolae_ossuary_entry_false_entrances,
          minmay_misc_feat_rows, minmay_mini_ossuary
D:5:      layout_gridville
D:6:      layout_cave_pools, uniq_blork_the_orc
D:7:      layout_rooms, mainiacjoe_overflow_brackets, marbit_many_paths,
          nicolae_gozag_cash_rules_everything_around_me
D:8:      layout_cave_pods, due_lair_maze_entry_diamond, minmay_liquid_box,
          minmay_fractal_squares_diagonal_5
D:9:      layout_basic, hiddenorc2_lemuel
D:10:     layout_basic, gammafunk_temple_overflow_claw,
          nicolae_transmutations_shop, grunt_ministairs_8
D:11:     layout_roguey, nicolae_specific_store
D:12:     layout_loops_cross
D:13:     layout_rooms, grunt_vaults_entry_tiered, gauntlet_entry_generic,
          gammafunk_ghost_grave
D:14:     layout_roguey, gammafunk_ghost_spectres, drop_trap,
          hangedman_abyss_or_decor_slice
D:15:     gammafunk_enter_depths_forms, layout_layer_cave, dk_noncrumbling_3,
          gammafunk_ghost_mausoleum, uniq_rupert, uniq_louise, uniq_nessos
Temple:   dshaligram_water_room_temple
Lair:1:   layout_cave_shapes, wad_woods_road_03, nicolae_lair_liquid_snakes,
          serial_bayou_shore_b
Lair:2:   dragon1_lemuel, layout_regular_city
Lair:3:   hellmonk_destroyed_diamonds, layout_gridlike, swamp_mist,
          nicolae_quartered_pool_impasse, beast_lair_carwin_3
Lair:4:   layout_concentric_octagons, hellmonk_spider_entry_not_the_bees,
          beast_lair_carwin_8, lemuel_fruit_fields
Lair:5:   layout_cellular_growth, slime_altar_1, grunt_megastairs_2,
          lemuel_fruit_tree, infiniplex_staircase_pool, serial_bayou_shore_a,
          uniq_snorg
Lair:6:   evil_forest, layout_misc_corridors
Swamp:1:  layout_falls_marsh, serial_swamp_ruin, evilmike_swamp_ruin_house_4,
          evilmike_swamp_ruin_house_5
Swamp:2:  gammafunk_worm_tunnel, layout_basic_swamp, evilmike_swamp_ruin_house_3
Swamp:3:  layout_falls_marsh, portal_ice_cave_entry_ice_statue_two,
          evilmike_swamp_ruin_house_6, nicolae_swamp_very_dense_foliage
Swamp:4:  swamp_old_school, layout_basic_swamp, swamp_pool1
Spider:1: layout_spider_delve, drop_trap
Spider:2: layout_spider_delve, hangedman_spider_tarantella_strand, uniq_jorgrun
Spider:3: layout_chambers, beargit_elvish_explorers
Spider:4: grunt_spider_rune_circles, hellmonk_ghost_happy_afterlife,
          nicolae_spider_nook
Orc:1:    layout_diamond_mine, serial_shops, shop, uniq_harold
Orc:2:    grunt_orc_cross, layout_caves, serial_shops, nicolae_shop_crystal,
          nicolae_shop_hallway_stairs, shop_fountains, uniq_donald
Vaults:1: nicolae_vaults_murderbox, nicolae_vaults_little_squares_2,
          ontoclasm_vaults_idyll, hangedman_vaults_snaps,
          ontoclasm_vaults_ring_square, grunt_vaults_focal, v_misc_18,
          layout_vaults_omnigrid
Vaults:2: gammafunk_ghost_grave, v_misc_5, nicolae_vaults_little_squares_6,
          nicolae_vaults_shelves_hall, nicolae_vaults_network_s,
          v_alt_pattern_6, minmay_crypt_entry_simple_round,
          vaults_standard_mumra_enter_the_diamond, ontoclasm_vaults_twist,
          hangedman_vaults_trim, vaults_dpeg_ring,
          nicolae_vaults_three_branches, layout_vaults_chaotic_city
Vaults:4: infiniplex_enter_wizlab_glasses, vaults_room_door_hall, serial_ice_m,
          v_alt_pattern_2, nicolae_vaults_diagonal_hallway_9,
          ontoclasm_vaults_tryst, ontoclasm_vaults_ring_large,
          grunt_vaults_funnel, layout_vaults_ring, serial_shops, shop
WizLab:   wizlab_yara

Skill      XL: |  1  2  3  4  5  6  7  8  9 10 11 12 13 14 15 16 17 18 19 20 21 |
---------------+----------------------------------------------------------------+-----
Spellcasting   | 4 5 6 7 8 9 10 11 12 13 14 15 16 | 16.6
Fighting       | 1 3 4 5 6 8 9 10 11 12 13 14 | 14.2
Armour         | 1 3 4 5 6 8 9 10 11 12 13 14 | 14.2
Invocations    | 1 3 4 5 6 7 9 10 11 12 13 14 | 14.0
Dodging        | 3 4 5 6 7 9 10 11 12 13 14 15 16 17 18 | 18.0
Shields        | 3 6 9 10 12 13 | 13.1
Stealth        | |  1.5

Action                   |  1- 3 |  4- 6 |  7- 9 | 10-12 | 13-15 | 16-18 | 19-21 || total
-------------------------+-------+-------+-------+-------+-------+-------+-------++-------
Melee: Unarmed           |       |     1 |     2 |       |       |       |       ||     3
       Dagger            |       |       |     7 |       |       |     1 |     8 ||    16
 Cast: Magic Dart        |    53 |    73 |    61 |    55 |    18 |     2 |     1 ||   263
       Searing Ray       |     2 |    11 |    38 |    44 |    33 |     5 |     2 ||   135
       Iskenderun's Myst |       |       |    35 |   101 |   245 |   304 |   247 ||   932
       Fulminant Prism   |       |       |    10 |    77 |   148 |    64 |    44 ||   343
       Summon Lightning  |       |       |       |     1 |     1 |     2 |       ||     4
       Petrify           |       |       |       |     1 |     1 |       |     3 ||     5
       Fireball          |       |       |       |       |    70 |   192 |   300 ||   562
       Statue Form       |       |       |       |       |       |     3 |     4 ||     7
Invok: Greater Servant o |       |       |       |       |       |     1 |     4 ||     5
       Major Destruction |       |       |       |       |       |       |     2 ||     2
 Abil: End Transformatio |       |       |       |       |       |     1 |       ||     1
Evoke: Wand              |       |       |       |       |       |       |     2 ||     2
  Use: Scroll            |       |       |       |       |    12 |     1 |    11 ||    24
       Potion            |       |       |       |       |     1 |       |     1 ||     2
Armor: Robe              |       |     3 |    13 |       |       |       |       ||    16
       Steam dragon scal |       |       |     1 |    16 |       |       |       ||    17
       Leather armour    |       |       |       |       |    21 |    37 |    19 ||    77
       Skin              |       |       |       |       |       |     1 |    16 ||    17
Dodge: Dodged            |     6 |    11 |    53 |    54 |    57 |    64 |    81 ||   326
       Repelled          |       |       |       |       |     1 |     1 |     6 ||     8
Block: Kite shield       |       |       |       |       |    18 |    91 |   100 ||   209
       Reflection        |       |       |       |       |       |    11 |    24 ||    35

Table legend: (Time is in decaauts)
 A = Elapsed time spent in this place.
 B = Non-inter-level travel time spent in this place.
 C = Inter-level travel time spent in this place.
 D = Time resting spent in this place.
 E = Time spent auto-exploring this place.
 F = Levels seen in this place.
 G = Mean time per level.
                   A        B        C        D        E       F      G
               +--------+--------+--------+--------+--------+-----+--------+
         Total |  36283 |  34548 |   1735 |   6045 |  21545 |  39 |  930.3 |
       Dungeon |  14321 |  13504 |    817 |   1674 |   9323 |  15 |  954.7 |
        Temple |    110 |     71 |     39 |      0 |     59 |   1 |  110.0 |
          Lair |   5828 |   5378 |    450 |    372 |   3836 |   6 |  971.3 |
         Swamp |   3341 |   3184 |    157 |    239 |   2415 |   4 |  835.2 |
   Spider Nest |   6446 |   6317 |    129 |   2419 |   2924 |   4 | 1611.5 |
  Orcish Mines |   1301 |   1194 |    107 |     18 |    845 |   2 |  650.5 |
        Vaults |   2539 |   2504 |     35 |    296 |   1725 |   3 |  846.3 |
       Ossuary |    348 |    348 |      0 |    105 |     80 |   1 |  348.0 |
      Ice Cave |   1356 |   1356 |      0 |    864 |    100 |   1 | 1356.0 |
        Wizlab |    257 |    257 |      0 |     57 |     97 |   1 |  257.0 |
      Gauntlet |    430 |    430 |      0 |      0 |    141 |   1 |  430.0 |
               +--------+--------+--------+--------+--------+-----+--------+

Top non-repeatable levels by time:
Spider:4: 2094 daAuts
    D:15: 1888 daAuts
Spider:1: 1855 daAuts
Vaults:1: 1741 daAuts
Spider:3: 1710 daAuts
     D:1: 1492 daAuts
   IceCv: 1356 daAuts
     D:8: 1108 daAuts
  Lair:2: 1053 daAuts
  Lair:5: 1050 daAuts
    D:10: 1028 daAuts
 Swamp:4: 1026 daAuts
  Lair:3: 996 daAuts
  Lair:6: 985 daAuts
   Orc:2: 954 daAuts
